 Dungeon Crawl Stone Soup version bcrawl-1.37.2 (webtiles) character file.

Game seed: 718969245141054399

403859 polpettosauro the Blocker (level 12, -1/110 HPs)
             Began as a Hill Orc Fighter on Nov 1, 2022.
             Was the Champion of Okawaru.
             Succumbed to a cane toad's poison
             ... on level 3 of the Lair of Beasts.
             The game lasted 00:32:50 (12791 turns).

polpettosauro the Blocker (Hill Orc Fighter)       Turns: 12791, Time: 00:32:50

Health: -1/110     AC: 16    Str: 29    XL:     12   Next: 67%
Magic:  0/17       EV:  5    Int: 13    God:    Okawaru [******]
Gold:   631        SH: 14    Dex: 10    Spells: 11/11 levels left

rFire    + . .     GDR:     25% z - +2 war axe (chop)
rCold    . . .     SeeInvis +   c - +0 medium shield
rNeg     . . .     Gourm    .   f - +1 plate armour
rPois    .         Faith    .   (no helmet)
rElec    .         Spirit   +   j - +2 cloak of Yliumups {rF+ Regen+ rCorr Int+5}
rCorr    +         Reflect  .   N - +0 pair of gloves {Str+3}
MR       .....                  (no boots)
Stlth    ..........             F - amulet of guardian spirit
HPRegen  0.68/turn              w - +2 ring of strength
MPRegen  0.15/turn              y - ring of see invisible

@: lethally poisoned (-1 -> -28), finesse, slowed, very slow
A: no striking features
a: Heroism, Finesse, Renounce Religion


You were on level 3 of the Lair of Beasts.
You worshipped Okawaru.
Okawaru was exalted by your worship.
You were not hungry.

You visited 3 branches of the dungeon, and saw 13 of its levels.

You collected 631 gold pieces.

Inventory:

Hand Weapons
 g - the +8 short sword of Peocroef {pierce, +Blink}
   (Okawaru gifted it to you on level 2 of the Lair of Beasts)

   It will always inflict at least some extra damage.
   This minimum extra damage increases with your current reserve of magical
   power.
   It lets you blink.
 z - a +2 war axe of chopping (weapon)
 V - the +11 dagger of the Seven Stars {flame, rF+}
   (You found it on level 2 of the Lair of Beasts)

   It has been specially enchanted to surge with flame as it hits, increasing
   damage dealt by approximately one third against foes not resistant or
   susceptible to fire.
   It protects you from fire.
Missiles
 m - 76 poisoned tomahawks (quivered)
 n - 153 javelins
Armour
 c - a +0 medium shield (worn)
 f - a +1 plate armour (worn)
 j - the +2 cloak of Yliumups (worn) {rF+ Regen+ rCorr Int+5}
   (Okawaru gifted it to you on level 3 of the Lair of Beasts)

   It affects your intelligence (+5).
   It protects you from fire.
   It increases your rate of regeneration.
   It provides partial protection from all sources of acid and corrosion.
 N - a +0 pair of gloves of strength (worn)
Jewellery
 a - an uncursed ring of wizardry {unknown}
 o - a cursed ring of teleportation
 w - a +2 ring of strength (left hand)
 y - a ring of see invisible (right hand)
 E - an uncursed ring of poison resistance {unknown}
 F - an amulet of guardian spirit (around neck)
 L - an uncursed ring of magical power {unknown}
Wands
 d - a wand of polymorph (13)
 x - a wand of digging (6)
 A - a wand of flame (11)
 P - a wand of charming (5)
 Q - a wand of disintegration (4)
 R - a wand of scattershot (2)
 S - a wand of clouds (2)
 U - a wand of paralysis (9)
Scrolls
 b - 7 scrolls of magic mapping
 k - a scroll of fog {unknown}
 l - a scroll of remove curse {unknown}
 p - a scroll of teleportation
 q - 2 scrolls of enchant weapon {unknown}
 r - 4 scrolls of immolation
 s - 2 scrolls of fear {unknown}
 t - 2 scrolls of enchant armour
 I - 2 scrolls of amnesia {unknown}
 J - 2 scrolls of noise {unknown}
 M - a scroll of vulnerability {unknown}
Potions
 h - 8 potions of curing
 B - 2 potions of agility {unknown}
 C - a potion of resistance {unknown}
 D - a potion of invisibility {unknown}
 G - 3 potions of brilliance
 H - 3 potions of heal wounds {unknown}
 K - 2 potions of mutation {unknown}
 O - 4 potions of flight {unknown}
 T - a potion of cancellation {unknown}
 W - a potion of magic {unknown}
Comestibles
 e - 28 rations {!d}
 i - 3 chunks of flesh


   Skills:
 + Level 11.5 Fighting
   Level 11.5 Short Blades
   Level 11.5 Long Blades
   Level 11.5 Axes
   Level 11.5 Maces & Flails
   Level 11.5 Polearms
   Level 11.5 Staves
 - Level 3.2 Armour
 + Level 14.3 Shields
   Level 11.5 Unarmed Combat
 + Level 7.8 Invocations
 + Level 5.9 Evocations


You had 11 spell levels left.
You didn't know any spells.
Your spell library contained the following spells:

 Spells                   Type           Power        Failure   Level  Hunger
 Apportation              Tloc           #.....       100%        1    None
 Corona                   Hex            #......      100%        1    None
 Infusion                 Chrm           #.......     100%        1    None
 Sandblast                Erth           #.....       100%        1    None
 Slow                     Hex            #.......     100%        1    None
 Summon Butterflies       Summ           #.......     100%        1    None
 Poisonous Vapours        Pois/Air       #.....       100%        2    ####...
 Searing Ray              Conj           #.......     100%        2    ####...
 Conjure Flame            Conj/Fire      #.......     100%        3    #####..
 Mephitic Cloud           Conj/Pois/Air  #.......     100%        3    #####..
 Throw Icicle             Conj/Ice       #.......     100%        4    ######.
 Freezing Cloud           Ice/Air        #.......     100%        5    #######
 Steam Barrier            Chrm/Fire      #.........   100%        5    #######
 Iron Shot                Conj/Erth      #.........   100%        6    #######
 Orb of Destruction       Conj           #.........   100%        7    #######


Dungeon Overview and Level Annotations

Branches:
Dungeon (9/12)             Temple (1/1) D:4            Lair (3/6) D:9
  Swamp (0/3) Lair:2       Spider (0/3) Lair:2
    Orc: D:8-11

Altars:
Ashenzari
Cheibriados
Dithmenos
Elyvilon
Fedhas
Gozag
Hepliaklqana
Kikubaaqudgha
Lugonu
Makhleb
Nemelex Xobeh
Okawaru
Qazlal
Ru
Sif Muna
Trog
Uskayaw
Vehumet
Wu Jian
Xom
Yredelemnul
Zin
The Shining One
Beogh

Shops:
D:4 *   D:6 *

Portals:
Trove: D:8 (give 2 scrolls of acquirement)

Annotations:
D:3 3 runed translucent doors, Darthill6464's ghost, amateur AvSk


Message History

* * * LOW HITPOINT WARNING * * *
The cane toad hits you!
* * * LOW HITPOINT WARNING * * *
Okay, then.
Your plate armour prevents you from hitting the cane toad.
The cane toad is almost dead.
You hit the cane toad.
* * * LOW HITPOINT WARNING * * *
You feel very sick.
The cane toad hits you but does no damage. x2
You closely miss the cane toad.
The cane toad is almost dead.
You closely miss the cane toad.
* * * LOW HITPOINT WARNING * * *
You feel sick.
You slash the cane toad!
You kill the cane toad!
Okawaru accepts your kill.
Your shield and plate armour prevent you from hitting the cane toad.
You die...

# #.## .....##
######
[......###F...##
.....#.Yw†@...P#
.......YY##.#.##
.........####.#
## .........#
#..## ##.
.........P ##..#
#..
.....#....##P.##
##.
......#..####..#
#..
...?.#....###.##
##. ....
...##.#.#
#####..


You could see a torpor snail, a cane toad and 3 dream sheep.

Vanquished Creatures
  A vault guard (D:8)
  A hydra (Lair:2)
  A deep elf mage (D:7)
  6 elephants (Lair:3)
  A black mamba (Lair:2)
  5 cane toads
  A demonic crawler (Lair:2)
  3 komodo dragons
  2 trolls
  4 blink frogs (Lair:2)
  A harpy skeleton (D:8)
  6 hippogriffs
  3 slime creatures (D:8)
  A vampire (D:9)
  2 basilisks (Lair:3)
  3 wyverns
  A steam dragon (D:9)
  15 yaks
  A hungry ghost (D:7)
  2 wargs (D:9)
  8 water moccasins
  4 crocodiles
  2 porcupines (Lair:1)
  2 black bears
  An ice beast (D:8)
  A phantom (D:5)
  An orc warrior (D:9)
  7 sky beasts
  A necrophage (D:5)
  3 wolves (Lair:1)
  5 ogres
  9 bullfrogs
  A kobold brigand (D:8)
  2 gnoll sergeants (D:9)
  A water moccasin zombie (D:6)
  A centaur (D:9)
  A wyvern skeleton (D:9)
  3 scorpions
  5 wights (D:6)
  2 electric eels (Lair:2)
  An orc priest (D:9)
  A bullfrog zombie (D:6)
  10 crimson imps
  2 howler monkeys
  2 jellies
  7 orc wizards
  11 hounds
  3 iguanas
  Ijyb (D:3)
  7 worker ants
  5 hound skeletons
  13 gnolls
  2 worker ant zombies (D:9)
  13 adders
  3 shadow imps
  2 oozes (D:3)
  An adder zombie (D:8)
  9 worms
  A dart slug (D:2)
  A leopard gecko (D:3)
  18 orcs
  3 ball pythons (D:3)
  3 giant cockroaches
  5 goblins
  6 hobgoblins
  4 jackals (D:4)
  5 quokkas
  5 bats
  2 frilled lizards
  2 jackal skeletons (D:4)
  10 kobolds
  7 rats
  2 fungi
287 creatures vanquished.

Vanquished Creatures (others)
  A plant (Lair:2)
1 creature vanquished.

Grand Total: 288 creatures vanquished

Notes
Turn   | Place    | Note
-------+----------+-------------------------------------------
     0 | D:1      | polpettosauro the Hill Orc Fighter began the quest for the
                  | Orb.
     0 | D:1      | Reached XP level 1. HP: 19/19 MP: 1/1
   285 | D:1      | Reached XP level 2. HP: 26/26 MP: 2/2
  1077 | D:2      | Reached XP level 3. HP: 31/31 MP: 3/3
  1162 | D:2      | Reached skill level 4 in Shields
  1467 | D:2      | Found an ornate altar of the Wu Jian Council.
  1467 | D:2      | Found a blossoming altar of Fedhas.
  1597 | D:3      | Noticed Ijyb
  1604 | D:3      | Reached XP level 4. HP: 33/40 MP: 4/4
  1609 | D:3      | Killed Ijyb
  1757 | D:3      | Found a runed translucent gate.
  1759 | D:3      | Found a runed translucent gate.
  1768 | D:3      | Found a runed translucent gate.
  1778 | D:3      | Noticed Darthill6464's ghost (amateur AvSk)
  1780 | D:3      | Found a roughly hewn altar of Beogh.
  1987 | D:3      | Reached XP level 5. HP: 46/46 MP: 5/5
  2110 | D:3      | Reached skill level 5 in Shields
  2871 | D:4      | Reached XP level 6. HP: 53/53 MP: 6/6
  2879 | D:4      | Found a staircase to the Ecumenical Temple.
  2891 | Temple   | Entered the Ecumenical Temple
  3237 | Temple   | Became a worshipper of Warmaster Okawaru
  3461 | D:4      | Found a sacrificial altar of Ru.
  3472 | D:4      | Reached skill level 6 in Shields
  3494 | D:4      | Reached skill level 5 in Fighting
  3661 | D:4      | Reached XP level 7. HP: 61/61 MP: 7/7
  3727 | D:4      | Found Axaplimi's General Store.
  3776 | D:4      | Reached * piety under Okawaru
  4082 | D:5      | Entered Level 5 of the Dungeon
  4154 | D:5      | Reached skill level 7 in Shields
  4269 | D:5      | Reached XP level 8. HP: 67/70 MP: 8/8
  4308 | D:5      | Reached ** piety under Okawaru
  4341 | D:5      | Reached skill level 8 in Shields
  4894 | D:6      | Found Odinguts's General Store.
  4899 | D:6      | Noticed a hippogriff
  4908 | D:6      | Reached skill level 9 in Shields
  4911 | D:6      | Killed a hippogriff
  4911 | D:6      | Reached *** piety under Okawaru
  4912 | D:6      | Reached XP level 9. HP: 51/79 MP: 9/9
  5470 | D:6      | Identified the Almanac of Arcane Weapons
  5581 | D:6      | Reached skill level 10 in Shields
  5938 | D:7      | Noticed a troll
  5947 | D:7      | Killed a troll
  6071 | D:7      | Reached **** piety under Okawaru
  6348 | D:7      | Reached skill level 11 in Shields
  6348 | D:7      | Reached XP level 10. HP: 90/90 MP: 10/10
  6597 | D:7      | Noticed a deep elf mage
  6603 | D:7      | Killed a deep elf mage
  7066 | D:8      | Reached ***** piety under Okawaru
  7113 | D:8      | Got a faintly humming leather armour
  7202 | D:8      | Found a hazy altar of Hepliaklqana.
  7265 | D:8      | Noticed a vault guard
  7288 | D:8      | Killed a vault guard
  7289 | D:8      | Reached skill level 12 in Shields
  7743 | D:8      | Found a portal to a secret trove of treasure.
  7790 | D:8      | Reached skill level 10 in Fighting
  7965 | D:8      | Received a gift from Okawaru
  8037 | D:9      | Reached XP level 11. HP: 100/100 MP: 11/11
  8078 | D:9      | Reached skill level 13 in Shields
  8178 | D:9      | Reached skill level 1 in Invocations
  8203 | D:9      | Reached skill level 1 in Evocations
  8207 | D:9      | Found a staircase to the Lair.
  8296 | D:9      | Found a stormy altar of Qazlal.
  8916 | Lair:1   | Entered Level 1 of the Lair of Beasts
 10569 | Lair:2   | Found a hole to the Spider Nest.
 10708 | Lair:2   | Reached skill level 5 in Invocations
 10761 | Lair:2   | Found a staircase to the Swamp.
 10836 | Lair:2   | Got a slimy dagger
 11089 | Lair:2   | Reached XP level 12. HP: 42/110 MP: 7/16
 11091 | Lair:2   | Reached ****** piety under Okawaru
 11387 | Lair:2   | Received a gift from Okawaru
 11388 | Lair:2   | Got a crude short sword {god gift}
 11389 | Lair:2   | Identified the +8 short sword of Peocroef {pierce, +Blink}
                  | (Okawaru gifted it to you on level 2 of the Lair of Beasts)
 11390 | Lair:2   | Identified the +11 dagger of the Seven Stars {flame, rF+}
                  | (You found it on level 2 of the Lair of Beasts)
 11624 | Lair:2   | Noticed a five-headed hydra
 11638 | Lair:2   | Killed a five-headed hydra
 11639 | Lair:2   | Reached skill level 14 in Shields
 11639 | Lair:2   | Reached skill level 5 in Evocations
 12573 | Lair:3   | Received a gift from Okawaru
 12574 | Lair:3   | Got a fading cloak {god gift}
 12580 | Lair:3   | Identified the +2 cloak of Yliumups {rF+ Regen+ rCorr
                  | Int+5} (Okawaru gifted it to you on level 3 of the Lair of
                  | Beasts)
 12788 | Lair:3   | HP: 5/110 [cane toad (8)]
 12790 | Lair:3   | HP: 1/110 [poisoned by a cane toad]
 12791 | Lair:3   | Succumbed to a cane toad's poison

Skill      XL: |  1  2  3  4  5  6  7  8  9 10 11 12 |
---------------+-------------------------------------+-----
Shields        | 4 5 6 7 9 11 12 13 14 | 14.3
Fighting       | 4 5 6 7 8 10 11 | 11.5
Invocations    | 5 7 |  7.8
Evocations     | 4 5 |  5.9
Short Blades   | | 11.5
Long Blades    | | 11.5
Axes           | | 11.5
Maces & Flails | | 11.5
Polearms       | | 11.5
Staves         | | 11.5
Armour         | |  3.2
Unarmed Combat | | 11.5

Action                   |  1- 3 |  4- 6 |  7- 9 | 10-12 || total
-------------------------+-------+-------+-------+-------++-------
Melee: Rapier            |   102 |   156 |       |       ||   258
       Unarmed           |       |     2 |       |       ||     2
       Dagger            |       |    13 |       |    13 ||    26
       War axe           |       |    70 |   251 |   581 ||   902
 Fire: Hunting sling     |       |       |     3 |       ||     3
Throw: Tomahawk          |       |     3 |    38 |    53 ||    94
       Javelin           |       |       |     5 |       ||     5
       Stone             |       |       |       |     4 ||     4
       Throwing net      |       |       |       |     1 ||     1
Invok: Heroism           |       |       |       |     1 ||     1
       Finesse           |       |       |       |     1 ||     1
Evoke: Wand              |       |       |       |     6 ||     6
  Use: Potion            |       |     1 |       |     1 ||     2
       Scroll            |       |     4 |     4 |     2 ||    10
 Stab: Held in net/web   |       |       |       |     1 ||     1
  Eat: Chunk             |     5 |    10 |    17 |    33 ||    65
       Ration            |       |     1 |     1 |     2 ||     4
Armor: Plate armour      |    71 |   164 |   115 |   224 ||   574
       Skin              |       |     1 |       |       ||     1
Dodge: Dodged            |     2 |    11 |    27 |    67 ||   107
Block: Medium shield     |    30 |   122 |   130 |   371 ||   653
